 Seeded DCSS version 0.29-a0-1027-gcd8c55af63 (webtiles) character file.

Game seed: 20220813 (custom seed)

9 purpskrrrp the Sneak (level 1, 0/18 HPs)
             Began as a Demigod Delver on Aug 12, 2022.
             Succumbed to a scorpion's poison
             ... on level 6 of the Dungeon.
             The game lasted 00:01:23 (437 turns).

purpskrrrp the Sneak (Demigod Delver)                Turns: 437, Time: 00:01:24

Health: 0/18       AC:  3    Str: 13    XL:     1   Next: 93%
Magic:  3/3        EV: 11    Int: 12    God:
Gold:   5          SH:  0    Dex: 15    Spells: 0/0 levels left

rFire   . . .      SeeInvis .   j - +0 whip
rCold   . . .      Faith    .   (no shield)
rNeg    . . .      Spirit   .   b - +0 leather armour
rPois   .          Reflect  .   (no helmet)
rElec   .          Harm     .   (no cloak)
rCorr   .          Rampage  .   (no gloves)
Will    .....                   (no boots)
Stlth   +++.......              (no amulet)
HPRegen 0.06/turn               (no ring)
MPRegen 0.08/turn               (no ring)

@: lethally poisoned (0 -> -6)
A: high MP 1, forlorn, divine attributes
a: no special abilities


You were on level 6 of the Dungeon.
You visited 1 branch of the dungeon, and saw 2 of its levels.

You collected 5 gold pieces.

Inventory:

Hand Weapons
 a - a +0 mace
 j - a +0 whip (weapon)
Armour
 b - a +0 leather armour (worn)
Wands
 f - a wand of roots (7)
 g - a wand of digging (3)
Scrolls
 c - a scroll of fog
 d - a scroll of magic mapping
 e - 2 scrolls of fear
 i - a scroll of teleportation {unknown}
Potions
 h - a potion of attraction {unknown}


   Skills:
 + Level 2.9 Fighting
 * Level 2.3 Maces & Flails
 - Level 1.7 Dodging
 - Level 4.5 Stealth


You couldn't memorise any spells.
You didn't know any spells.
Your spell library was empty.

Dungeon Overview and Level Annotations

Branches:
Dungeon (6/15)
 Temple: D:4-7


Innate Abilities, Weirdness & Mutations

You have an increased reservoir of magic. (+10% MP)
You shall have no god before yourself.
Your divine heritage dramatically boosts your attributes as you level up.


Message History

The scorpion completely misses you. The scorpion stings you.
You hit the scorpion.
The scorpion is lightly wounded.
The scorpion stings you.
You closely miss the scorpion.
The scorpion is lightly wounded.
The scorpion misses you.
You hit the scorpion.
The scorpion is heavily wounded.
The scorpion barely misses you.
You hit the scorpion but do no damage.
The scorpion is heavily wounded.
The scorpion misses you.
You closely miss the scorpion.
The scorpion is heavily wounded.
The scorpion barely misses you.
You hit the scorpion but do no damage.
The scorpion is heavily wounded.
The scorpion barely misses you. x2
You hit the scorpion.
The scorpion is heavily wounded.
The scorpion stings you.
You closely miss the scorpion.
The scorpion is heavily wounded.
The scorpion stings you.
* * * LOW HITPOINT WARNING * * *
You are lethally poisoned!
The scorpion poisons you!
You hit the scorpion.
The scorpion is severely wounded.
* * * LOW HITPOINT WARNING * * *
You feel sick.
The scorpion stings you but does no damage.
You closely miss the scorpion.
The scorpion is heavily wounded.
* * * LOW HITPOINT WARNING * * *
You feel sick. The scorpion barely misses you.
You closely miss the scorpion.
The scorpion is heavily wounded.
You die...

#.# ###.# #.# #.... #.#
#.#.. #.# #.. #.# #..
#.#####.. #........
.######################.
......s@................
.#######################


You could see a scorpion.

Vanquished Creatures
  A gnoll (D:5)
1 creature vanquished.

Notes
Turn   | Place    | Note
-------+----------+-------------------------------------------
     0 | D:5      | purpskrrrp the Demigod Delver began the quest for the Orb.
     0 | D:5      | Reached XP level 1. HP: 18/18 MP: 3/3
   418 | D:6      | Noticed a scorpion
   437 | D:6      | Succumbed to a scorpion's poison

Illustrated notes

Levels and vault maps discovered:
D:5:      layout_basic
D:6:      layout_basic, xom_teletrap_fun, temple_hall, serial_shops,
          shop_fountains, minmay_shop_damaged, uniq_duvessa, uniq_pikel,
          uniq_eustachio

Skill      XL: |  1 |
---------------+----+-----
Maces & Flails | 2 |  2.3
Fighting       | |  2.9
Dodging        | |  1.7
Stealth        | |  4.5

Action                   || total
-------------------------++-------
Melee: Whip              ||    23
       Punch             ||     1
  Use: Potion            ||     1
 Stab: Sleeping          ||     1
Armor: Leather armour    ||     2
Dodge: Dodged            ||    13

Table legend: (Time is in decaauts)
 A = Elapsed time spent in this place.
 B = Non-inter-level travel time spent in this place.
 C = Inter-level travel time spent in this place.
 D = Time resting spent in this place.
 E = Time spent auto-exploring this place.
 F = Levels seen in this place.
 G = Mean time per level.
                   A        B        C        D        E       F      G
               +--------+--------+--------+--------+--------+-----+--------+
         Total |    418 |    370 |     48 |    267 |      7 |   2 |  209.0 |
       Dungeon |    418 |    370 |     48 |    267 |      7 |   2 |  209.0 |
               +--------+--------+--------+--------+--------+-----+--------+

Top non-repeatable levels by time:
     D:5: 352 daAuts
     D:6: 65 daAuts
